 Dungeon Crawl Stone Soup version 0.27.1 (console) character file.

Game seed: 4819483334405937902

38 thromnambular the Sneak (level 3, -1/29 HPs)
             Began as a Human Delver on Aug 29, 2021.
             Was a Believer of Uskayaw.
             Slain by an iron imp (8 damage)
             ... on level 3 of the Dungeon.
             The game lasted 00:04:05 (2410 turns).

thromnambular the Sneak (Human Delver)              Turns: 2410, Time: 00:04:06

Health: -1/29      AC:  4    Str: 13    XL:     3   Next: 65%
Magic:  3/3        EV: 12    Int: 16    God:    Uskayaw [**....]
Gold:   140        SH:  0    Dex: 14    Spells: 2/2 levels left

rFire    . . .     SeeInvis .   a - +0 falchion
rCold    + . .     Faith    .   (no shield)
rNeg     . . .     Spirit   .   b - +0 leather armour
rPois    .         Reflect  .   v - +0 helmet
rElec    .         Harm     .   (no cloak)
rCorr    .         Rampage  .   (no gloves)
Will     .....                  (no boots)
Stlth    +++.......             r - amulet of the acrobat
HPRegen  0.09/turn              m - +6 ring of intelligence
MPRegen  0.08/turn              o - ring of protection from cold

@: no status effects
A: no striking features
a: Renounce Religion, Stomp, Line Pass


You were on level 3 of the Dungeon.
You worshipped Uskayaw.
Uskayaw was noncommittal.
You visited 1 branch of the dungeon, and saw 5 of its levels.

You collected 140 gold pieces.

Inventory:

Hand Weapons
 a - a +0 falchion (weapon)
Missiles
 q - 5 javelins (quivered)
Armour
 b - a +0 leather armour (worn)
 v - a +0 helmet (worn)
Jewellery
 m - a +6 ring of intelligence (left hand)
 o - a ring of protection from cold (right hand)
 r - an amulet of the acrobat (around neck)
Wands
 g - a wand of digging (3)
 i - a wand of acid (9)
Scrolls
 c - 2 scrolls of fog
 d - a scroll of magic mapping
 e - a scroll of fear
 h - a scroll of holy word {unknown}
 j - a scroll of torment {unknown}
 l - a scroll of amnesia {unknown}
 p - a scroll of enchant armour {unknown}
 u - a scroll of identify {unknown}
Potions
 f - 3 potions of haste
 n - a potion of resistance {unknown}
 s - a potion of might {unknown}
 t - a potion of attraction {unknown}


   Skills:
 + Level 3.5 Fighting
 + Level 2.6 Long Blades
 + Level 2.6 Dodging
 - Level 5.0 Stealth


You had 2 spell levels left.
You didn't know any spells.
Your spell library was empty.

Dungeon Overview and Level Annotations

Branches:
Dungeon (5/15)
 Temple: D:4-7

Altars:
Cheibriados
Qazlal
Uskayaw


Message History

The iron imp hits you but does no damage.
You hit the iron imp but do no damage.
The iron imp is moderately wounded.
The iron imp hits you but does no damage.
You hit the iron imp but do no damage.
The iron imp is moderately wounded.
The iron imp hits you.
You hit the iron imp but do no damage.
The iron imp is moderately wounded.
You hit the iron imp.
The iron imp is heavily wounded.
The iron imp barely misses you.
You riposte.
You hit the iron imp but do no damage.
The iron imp is heavily wounded.
You can now pass through a line of other dancers.
You hit the iron imp but do no damage.
The iron imp is heavily wounded.
The iron imp closely misses you.
You riposte.
You hit the iron imp but do no damage.
The iron imp is heavily wounded.
You hit the iron imp but do no damage.
The iron imp is heavily wounded.
The iron imp misses you.
You barely miss the iron imp.
The iron imp is heavily wounded.
The iron imp barely misses you.
You hit the iron imp.
The iron imp is severely wounded.
The iron imp closely misses you.
You barely miss the iron imp.
The iron imp is severely wounded.
The iron imp closely misses you.
You hit the iron imp.
The iron imp is almost dead.
The iron imp hits you!
* * * LOW HITPOINT WARNING * * *
You closely miss the iron imp.
The iron imp is almost dead.
The iron imp hits you!
You die...

.....#...#
#.# #.#
###....###
#.# #.#
#(...## #.#
#.# #.....
..# #.#
....^. ###
#.# #..... #
#.# ##...# #.
#.# ##.<
####.#####.##
........5@..#
##.....###.#
#.....# .#
#.....# .#
......... .#
.......... .#
....._......#
...........#
...........#


You could see an iron imp.

Vanquished Creatures
  An adder (D:3)
  An endoplasm (D:1)
  2 giant cockroaches (D:1)
  2 goblins (D:2)
  4 hobgoblins
  A jackal (D:1)
  A quokka (D:1)
  6 ball pythons
  2 bats (D:1)
  2 frilled lizards (D:2)
  3 kobolds
  6 rats
31 creatures vanquished.

Notes
Turn   | Place    | Note
-------+----------+-------------------------------------------
     0 | D:5      | thromnambular the Human Delver began the quest for the Orb.
     0 | D:5      | Reached XP level 1. HP: 18/18 MP: 1/1
    85 | D:5      | Noticed a hound
   113 | D:5      | Noticed an ice beast
   482 | D:1      | Reached XP level 2. HP: 18/24 MP: 2/2
   734 | D:1      | Found a faded altar of an unknown god.
   764 | D:1      | Became a worshipper of Uskayaw the Reveller
   764 | D:1      | Reached * piety under Uskayaw
  1459 | D:2      | Reached XP level 3. HP: 21/29 MP: 3/3
  2182 | D:3      | Reached ** piety under Uskayaw
  2334 | D:3      | Found a stormy altar of Qazlal.
  2385 | D:3      | Found a snail-covered altar of Cheibriados.
  2410 | D:3      | Slain by an iron imp

Illustrated notes

Levels and vault maps discovered:
D:1:      dpeg_arrival_brainrot, layout_basic, ebering_ecumenical_altar_rust,
          serial_forest, infiniplex_forest_end_3, infiniplex_forest_end_double,
          infiniplex_forest_end_1, infiniplex_forest_clump_small,
          infiniplex_forest_lined_room_2, infiniplex_forest_lined_2
D:2:      layout_basic, kennysheep_flooded_box
D:3:      layout_loops_ring, nicolae_ru_sacrificial_ziggurat, slow_altar_1,
          grunt_qazlal_sundering, minmay_hedge_maze
D:4:      layout_loops_ring, minmay_temple_entry_mist, minmay_misc_feat_iff,
          st_stairs_4
D:5:      layout_cave_pods, general_overflow_altar, portal_sewer_entry_c

Action                   || total
-------------------------++-------
Melee: Falchion          ||   108
Throw: Javelin           ||     3
 Stab: Sleeping          ||     9
Armor: Leather armour    ||    26
Dodge: Dodged            ||    77
       Rpst.: Falchion   ||    26
